 Dungeon Crawl Stone Soup version 0.31-a0-18-gea43df2a32 (webtiles) character file.

Game seed: 10322109307272250750

135 scionoferis the Magician (level 5, -1/38 HPs)
             Began as a Djinni Conjurer on May 12, 2023.
             Slain by Pargi (2 damage)
             ... in a sewer.
             The game lasted 00:06:38 (2000 turns).

scionoferis the Magician (Djinni Conjurer)          Turns: 2000, Time: 00:06:38

Health: -1/38      AC:  2    Str:  6    XL:     5   Next: 41%
Gold:   159        EV: 12    Int: 21    God:
                   SH:  0    Dex: 12

rFire   + + .        e - +3 dagger
rCold   x . .        (no shield)
rNeg    . . .        a - +0 robe
rPois   ∞            (no helmet)
rElec   .            (no cloak)
rCorr   .            (no gloves)
SInv    .            (boots unavailable)
Will    .....        (no amulet)
Stlth   ++           (no ring)
HPRegen 0.26/turn    (no ring)
MPRegen 0.00/turn

%: infuse magic (-2 HP)
@: flying
A: sickness immunity, fire resistance 2, cold vulnerability 1, float, innate
caster, HP casting, extra vitality 1
a: no special abilities


You were in a sewer.
You visited 1 branch of the dungeon, and saw 3 of its levels.
You also visited: Sewer.

You collected 159 gold pieces.


Innate Abilities, Weirdness & Mutations

You are immune to sickness and miasma.
You are immune to poison.
Your flesh is very heat resistant. (rF++)
You are vulnerable to cold. (rC-)
You float through the air rather than walking.
You learn spells naturally, not from books.
Your magical power is your life essence.
You have superior vitality. (+4 MHP)


   Skills:
 + Level 2.1 Fighting
 - Level 2.1 Dodging
 + Level 2.6 Stealth
 * Level 4.2 Spellcasting


You knew the following spells:

 Your Spells              Type           Power      Damage    Failure   Level
a - Magic Dart            Conj           88%        1d7       1%          1
b - Searing Ray           Conj           44%        2d6       3%          2
c - Dazzling Flash        Conj/Hex       44%        N/A       6%          3
d - Fulminant Prism       Conj/Hex       11%        3d9       21%         4
e - Iskenderun's Mystic   Conj/Tloc      22%        2d6       21%         4
f - Slow                  Hex            88%        N/A       1%          1
g - Static Discharge      Conj/Air       44%        2-4/arc   3%          2
Your spell library was empty.

Inventory:

Hand Weapons
 c - a +1 long sword of holy wrath
   (You found it on level 1 of the Dungeon)
 e - a +3 dagger (weapon)
   (You took it off a goblin on level 1 of the Dungeon)
Missiles
 b - 3 javelins (quivered)
 p - 4 poisoned darts
Armour
 a - a +0 robe (worn)
 o - a +0 buckler
   (You found it on level 2 of the Dungeon)
 t - a +0 pair of gloves
   (You found it on level 3 of the Dungeon)
Scrolls
 g - a scroll of brand weapon {unknown}
 i - a scroll of butterflies {unknown}
 j - a scroll of immolation {unknown}
 l - a scroll of amnesia {unknown}
 n - a scroll of identify {unknown}
 r - a scroll of enchant weapon {unknown}
Potions
 d - 2 potions of mutation {unknown}
 f - a potion of resistance {unknown}
 h - a potion of might {unknown}
 k - 2 potions of curing {unknown}
 m - a potion of magic {unknown}
 s - 2 potions of cancellation {unknown}
 u - a potion of brilliance {unknown}

Dungeon Overview and Level Annotations

Branches:
Dungeon (3/15)              Sewer (1/1)

Altars:
Hepliaklqana

Annotations:
Sewer Pargi

..(.. ... ... ...
####### #.#
##.....## #!#
#...≈...## #T#
...≈≈≈...#######@#
∩.≈≈≈≈≈..........#
..†≈≈≈...#######.#
#...≈...## #.#
##.....## #.#
####### #.# #.#
#.# #∩#


You could see Pargi.


Message History

Welcome, scionoferis the Djinni Conjurer.
They say the Orb of Zot lies within this dungeon, but they say a lot of things.
Press ? for a list of commands and other information.
Found a staircase leading out of the dungeon.
You begin with the following spells memorised: Magic Dart, Searing Ray, Dazzling Flash, Fulminant Prism, Iskenderun's Mystic Blast.
As you open the door, it creaks loudly!
Found 3 javelins and 17 gold pieces.
There is an open door here.
You see here 3 javelins.
b - 3 javelins You now have 17 gold pieces.
There is a dry fountain here.
As you open the door, it creaks loudly!
There is an open door here.
You reach down and open the gate.
There is an open gate here.
You see here a +1 long sword of holy wrath.
c - a +1 long sword of holy wrath Your +1 long sword of holy wrath softly glows with a divine radiance!
c - a +1 long sword of holy wrath (weapon)
A goblin comes into view. It is wielding a +0 dagger.
Aiming: Magic Dart (safe; 3% risk of failure)
Press: ? - help, Q - select action, (/) - cycle Shift-Dir - straight line, f - goblin
Aim: a goblin, wielding a +0 dagger (asleep, 100% to hit)
The magic dart hits the goblin.
You kill the goblin!
Unknown command.
HP restored.
d - 2 amethyst potions A goblin comes into view.
It is wielding a +3 dagger.
The goblin shouts!
You hear an angry hiss.
A frilled lizard comes into view.
Aiming: Magic Dart (safe; 3% risk of failure)
Press: ? - help, Q - select action, (/) - cycle Shift-Dir - straight line, f - goblin
Aim: a goblin, wielding a +3 dagger (100% to hit)
The magic dart hits the goblin.
You kill the goblin!
Unknown command.
Aiming: Magic Dart (safe; 3% risk of failure)
Press: ? - help, Q - select action, (/) - cycle Shift-Dir - straight line, f - frilled lizard
Aim: a frilled lizard (100% to hit)
The magic dart hits the frilled lizard.
You kill the frilled lizard!
Unknown command.
You see here a +3 dagger.
e - a +3 dagger Your +1 long sword of holy wrath stops glowing.
e - a +3 dagger (weapon)
Found 5 stones.
A giant cockroach comes into view.
Aiming: Magic Dart (safe; 3% risk of failure)
Press: ? - help, Q - select action, (/) - cycle Shift-Dir - straight line, f - giant cockroach
Aim: a giant cockroach (asleep, 100% to hit)
The magic dart hits the giant cockroach.
The giant cockroach is severely wounded.
Unknown command.
The giant cockroach barely misses you.
Aiming: Magic Dart (safe; 3% risk of failure)
Press: ? - help, Q - select action, (/) - cycle Shift-Dir - straight line, f/p - giant cockroach
Aim: a giant cockroach (heavily wounded, 100% to hit)
The magic dart hits the giant cockroach.
You kill the giant cockroach!
Unknown command.
You see here 5 stones.
Found 2 stones.
A bat comes into view.
The bat hits you but does no damage.
Aiming: Magic Dart (safe; 3% risk of failure)
Press: ? - help, Q - select action, (/) - cycle Shift-Dir - straight line, f - bat
Aim: a bat (100% to hit)
The magic dart hits the bat.
You kill the bat!
Unknown command.
You see here a bat corpse.
Found a stone staircase leading down.
A hobgoblin comes into view.
The hobgoblin shouts!
Aiming: Magic Dart (safe; 3% risk of failure)
Press: ? - help, Q - select action, (/) - cycle Shift-Dir - straight line, f - hobgoblin
Aim: a hobgoblin (100% to hit)
The magic dart hits the hobgoblin.
The hobgoblin is almost dead.
Unknown command.
Aiming: Magic Dart (safe; 3% risk of failure)
Press: ? - help, Q - select action, (/) - cycle Shift-Dir - straight line, f/p - hobgoblin
Aim: a hobgoblin (almost dead, 100% to hit)
The magic dart hits the hobgoblin but does no damage.
The hobgoblin is almost dead.
A goblin comes into view. It is wielding a +0 dagger.
There are monsters nearby!
Unknown command.
Aiming: Magic Dart (safe; 3% risk of failure)
Press: ? - help, Q - select action, (/) - cycle Shift-Dir - straight line, f/p - hobgoblin
Aim: a hobgoblin (almost dead, 100% to hit)
The magic dart hits the hobgoblin.
You kill the hobgoblin!
The goblin shouts!
You have reached level 2!
You start resting.
A goblin is nearby!
A goblin is nearby!
Aiming: Magic Dart (safe; 3% risk of failure)
Press: ? - help, Q - select action, (/) - cycle Shift-Dir - straight line, f - goblin
Aim: a goblin, wielding a +0 dagger (100% to hit)
The magic dart hits the goblin.
You kill the goblin!
Unknown command.
A ball python comes into view.
Aiming: Magic Dart (safe; 3% risk of failure)
Press: ? - help, Q - select action, (/) - cycle Shift-Dir - straight line, f - ball python
Aim: a ball python (wandering, hasn't noticed you, 100% to hit)
The magic dart hits the ball python.
You kill the ball python!
Unknown command.
HP restored.
Found a stone staircase leading down.
Things that are here:
a +0 dagger; a goblin corpse
There is a stone staircase leading down here.
You reach down and open the door.
Found a short sword.
There is an open door here.
You reach down and open the door.
There is an open door here.
Found a club.
You see here a +0 club.
A hobgoblin comes into view.
Aiming: Magic Dart (safe; 3% risk of failure)
Press: ? - help, Q - select action, (/) - cycle Shift-Dir - straight line, f - hobgoblin
Aim: a hobgoblin (asleep, 100% to hit)
The magic dart hits the hobgoblin.
The hobgoblin is lightly wounded.
The hobgoblin shouts!
Aiming: Magic Dart (safe; 3% risk of failure)
Press: ? - help, Q - select action, (/) - cycle Shift-Dir - straight line, f/p - hobgoblin
Aim: a hobgoblin (lightly wounded, 100% to hit)
The magic dart hits the hobgoblin.
The hobgoblin is moderately wounded.
Unknown command.
Aiming: Magic Dart (safe; 3% risk of failure)
Press: ? - help, Q - select action, (/) - cycle Shift-Dir - straight line, f/p - hobgoblin
Aim: a hobgoblin (moderately wounded, 100% to hit)
The magic dart hits the hobgoblin.
The hobgoblin is heavily wounded.
Unknown command.
Aiming: Magic Dart (safe; 3% risk of failure)
Press: ? - help, Q - select action, (/) - cycle Shift-Dir - straight line, f/p - hobgoblin
Aim: a hobgoblin (heavily wounded, 100% to hit)
The magic dart hits the hobgoblin.
You kill the hobgoblin!
Unknown command.
You see here a hobgoblin corpse.
You now have 28 gold pieces (gained 11).
You now have 38 gold pieces (gained 10).
A ball python and a quokka come into view.
Found a fuming blue potion.
Aiming: Magic Dart (safe; 3% risk of failure)
Press: ? - help, Q - select action, (/) - cycle Shift-Dir - straight line, f - quokka
Aim: a quokka (100% to hit)
The magic dart hits the quokka.
You kill the quokka!
The ball python hisses angrily.
A giant cockroach comes into view.
Aiming: Magic Dart (safe; 3% risk of failure)
Press: ? - help, Q - select action, (/) - cycle Shift-Dir - straight line, f - ball python
Aim: a ball python (100% to hit)
The magic dart hits the ball python.
You kill the ball python!
Unknown command.
You start resting.
HP restored.
Aiming: Magic Dart (safe; 3% risk of failure)
Press: ? - help, Q - select action, (/) - cycle Shift-Dir - straight line, f - giant cockroach
Aim: a giant cockroach (wandering, hasn't noticed you, 100% to hit)
The magic dart hits the giant cockroach.
You kill the giant cockroach!
Unknown command.
Found 2 large rocks.
f - a fuming blue potion;
g - a scroll labelled ZUGENG FEATRI
h - a lumpy blue potion As you open the door, it creaks loudly!
There is an open door here.
You reach down and open the door.
There is an open door here.
Found a ring mail.
You now have 45 gold pieces (gained 7).
You see here a +0 ring mail.
Found a whip.
A hobgoblin comes into view.
The hobgoblin shouts!
A hobgoblin is nearby!
Aiming: Magic Dart (safe; 3% risk of failure)
Press: ? - help, Q - select action, (/) - cycle Shift-Dir - straight line, f - hobgoblin
Aim: a hobgoblin (100% to hit)
The magic dart hits the hobgoblin.
The hobgoblin is almost dead.
Unknown command.
Aiming: Magic Dart (safe; 3% risk of failure)
Press: ? - help, Q - select action, (/) - cycle Shift-Dir - straight line, f/p - hobgoblin
Aim: a hobgoblin (almost dead, 100% to hit)
The magic dart hits the hobgoblin but does no damage.
The hobgoblin is almost dead.
Unknown command.
You closely miss the hobgoblin.
The hobgoblin is almost dead.
The hobgoblin barely misses you.
You hit the hobgoblin.
You kill the hobgoblin!
i - a scroll labelled MIAXOL BUSMILI A rat comes into view.
Aiming: Magic Dart (safe; 3% risk of failure)
Press: ? - help, Q - select action, (/) - cycle Shift-Dir - straight line, f - rat
Aim: a rat (asleep, 100% to hit)
The magic dart hits the rat.
You kill the rat!
Unknown command.
Found an escape hatch in the floor.
j - a scroll labelled CONIMMU TUWU
Found a ring mail.
You see here a +0 ring mail.
A bat comes into view.
The bat closely misses you.
You hit the bat.
You kill the bat!
Found a stone staircase leading down.
A goblin comes into view. It is wielding a +0 dagger.
Aiming: Magic Dart (safe; 3% risk of failure)
Press: ? - help, Q - select action, (/) - cycle Shift-Dir - straight line, f - goblin
Aim: a goblin, wielding a +0 dagger (asleep, 100% to hit)
The magic dart hits the goblin.
The goblin is moderately wounded.
The goblin shouts!
A goblin is nearby!
Aiming: Magic Dart (safe; 3% risk of failure)
Press: ? - help, Q - select action, (/) - cycle Shift-Dir - straight line, f/p - goblin
Aim: a goblin, wielding a +0 dagger (moderately wounded, 100% to hit)
The magic dart hits the goblin.
You kill the goblin!
Unknown command.
You see here a +0 dagger.
There is a stone staircase leading down here.
There is a stone staircase leading down here.
An endoplasm comes into view.
The endoplasm quivers.
Aiming: Magic Dart (safe; 3% risk of failure)
Press: ? - help, Q - select action, (/) - cycle Shift-Dir - straight line, f - endoplasm
Aim: an endoplasm (100% to hit)
The magic dart hits the endoplasm.
The endoplasm is moderately wounded.
Unknown command.
You hit the endoplasm.
You kill the endoplasm!
No target in view!
A giant cockroach comes into view.
Aiming: Magic Dart (safe; 3% risk of failure)
Press: ? - help, Q - select action, (/) - cycle Shift-Dir - straight line, f - giant cockroach
Aim: a giant cockroach (asleep, 100% to hit)
The magic dart hits the giant cockroach but does no damage.
Unknown command.
Aiming: Magic Dart (safe; 3% risk of failure)
Press: ? - help, Q - select action, (/) - cycle Shift-Dir - straight line, f/p - giant cockroach
Aim: a giant cockroach (100% to hit)
The magic dart hits the giant cockroach but does no damage.
Unknown command.
Aiming: Magic Dart (safe; 3% risk of failure)
Press: ? - help, Q - select action, (/) - cycle Shift-Dir - straight line, f/p - giant cockroach
Aim: a giant cockroach (100% to hit)
The magic dart hits the giant cockroach.
The giant cockroach is heavily wounded.
The giant cockroach barely misses you.
You hit the giant cockroach but do no damage.
The giant cockroach is heavily wounded.
The giant cockroach misses you.
You barely miss the giant cockroach.
The giant cockroach is heavily wounded.
The giant cockroach barely misses you.
The giant cockroach bites you but does no damage.
You hit the giant cockroach.
The giant cockroach is almost dead.
The giant cockroach barely misses you.
You hit the giant cockroach but do no damage.
The giant cockroach is almost dead.
The giant cockroach closely misses you.
You closely miss the giant cockroach.
The giant cockroach is almost dead.
The giant cockroach bites you.
You hit the giant cockroach.
You kill the giant cockroach!
Your Fighting skill increases to level 1!
You have reached level 3!
Your experience leads to an increase in your attributes!
Increase (S)trength, (I)ntelligence, or (D)exterity?
You feel clever. x2
The power to cast Slow wells up from within.
Spell assigned to 'f'.
You see here a giant cockroach corpse.
Found 7 stones.
A kobold comes into view. It is wielding a +0 dagger.
Aiming: Magic Dart (safe; 3% risk of failure)
Press: ? - help, Q - select action, (/) - cycle Shift-Dir - straight line, f - kobold
Aim: a kobold, wielding a +0 dagger (asleep, 100% to hit)
The magic dart hits the kobold.
You kill the kobold!
Your Stealth skill increases to level 2!
You now have 53 gold pieces (gained 8). 2 jackals and a rat come into view.
Casting: Magic Dart (safe; 2% risk of failure)
Confirm with . or Enter, or press ? or * to list all spells.
Aiming: Searing Ray (safe; 4% risk of failure)
Press: ? - help, Shift-Dir - straight line, f - rat
Aim: a rat (78% to hit)
The searing ray hits the rat.
You kill the rat!
The searing ray hits the jackal.
You kill the jackal! (Press . to maintain the ray.)
The jackal barks!
You hear a bark!
You hear a shout!
A jackal comes into view.
The searing ray hits the jackal.
The jackal is severely wounded.
The jackal barely misses you.
The searing ray hits the jackal.
You kill the jackal!
The searing ray misses the jackal.
The searing ray hits the jackal!
You kill the jackal!
You finish channelling your searing ray.
A hobgoblin comes into view.
Casting: Searing Ray (safe; 4% risk of failure)
Confirm with . or Enter, or press ? or * to list all spells.
Aiming: Searing Ray (safe; 4% risk of failure)
Press: ? - help, Shift-Dir - straight line, f - hobgoblin
Aim: a hobgoblin (wandering, hasn't noticed you, 78% to hit)
The searing ray hits the hobgoblin!
You kill the hobgoblin! (Press . to maintain the ray.) Unknown command.
A kobold comes into view. It is wielding a +0 dagger.
Casting: Searing Ray (safe; 4% risk of failure)
Confirm with . or Enter, or press ? or * to list all spells.
Okay, then.
Aiming: Magic Dart (safe; 2% risk of failure)
Press: ? - help, Q - select action, (/) - cycle Shift-Dir - straight line, f - kobold
Aim: a kobold, wielding a +0 dagger (wandering, hasn't noticed you, 100% to hit)
The magic dart hits the kobold.
You kill the kobold!
You see here a jackal corpse.
Found a mace and 7 stones.
You now have 70 gold pieces (gained 17).
k - a smoky golden potion An endoplasm comes into view.
Found 13 gold pieces.
An endoplasm is nearby!
Aiming: Magic Dart (safe; 2% risk of failure)
Press: ? - help, Q - select action, (/) - cycle Shift-Dir - straight line, f - endoplasm
Aim: an endoplasm (asleep, 100% to hit)
The magic dart hits the endoplasm but does no damage.
Unknown command.
Casting: Magic Dart (safe; 2% risk of failure)
Confirm with . or Enter, or press ? or * to list all spells.
Aiming: Searing Ray (safe; 4% risk of failure)
Press: ? - help, Shift-Dir - straight line, f/p - endoplasm
Aim: an endoplasm (98% to hit)
The searing ray hits the endoplasm.
The endoplasm is almost dead. (Press . to maintain the ray.) Unknown command.
The searing ray hits the endoplasm.
You kill the endoplasm!
You now have 83 gold pieces (gained 13).
You see here 7 stones.
You see here a +0 dagger.
You see here 7 stones.
There is a shaft here.
Done exploring.
Done exploring.
There is a stone staircase leading down here.
Search for what [? for help]? d: Unknown command.
Unknown command.
You fly downwards.
There is a stone staircase leading up here.
An adder comes into view.
Found 15 gold pieces.
Casting: Searing Ray (safe; 4% risk of failure)
Confirm with . or Enter, or press ? or * to list all spells.
Aiming: Searing Ray (safe; 4% risk of failure)
Press: ? - help, Shift-Dir - straight line, f - adder
Aim: an adder (63% to hit)
The searing ray misses the adder. (Press . to maintain the ray.) Unknown command.
The searing ray hits the adder!
The adder is almost dead.
The searing ray hits the adder.
You kill the adder!
HP restored.
You now have 98 gold pieces (gained 15).
A frilled lizard comes into view.
The frilled lizard hisses angrily.
Casting: Searing Ray (safe; 4% risk of failure)
Confirm with . or Enter, or press ? or * to list all spells.
Aiming: Searing Ray (safe; 4% risk of failure)
Press: ? - help, Shift-Dir - straight line, f - frilled lizard
Aim: a frilled lizard (63% to hit)
The searing ray hits the frilled lizard!
You kill the frilled lizard! (Press . to maintain the ray.) Unknown command.
You now have 112 gold pieces (gained 14).
Found a stone staircase leading down.
A goblin comes into view. It is wielding a +0 club.
The goblin shouts!
Casting: Searing Ray (safe; 4% risk of failure)
Confirm with . or Enter, or press ? or * to list all spells.
Aiming: Searing Ray (safe; 4% risk of failure)
Press: ? - help, Shift-Dir - straight line, f - goblin
Aim: a goblin, wielding a +0 club (72% to hit)
The searing ray hits the goblin!
You kill the goblin! (Press . to maintain the ray.) Unknown command.
You see here a +0 club.
A hobgoblin comes into view.
Found 12 gold pieces.
Casting: Searing Ray (safe; 4% risk of failure)
Confirm with . or Enter, or press ? or * to list all spells.
Aiming: Searing Ray (safe; 4% risk of failure)
Press: ? - help, Shift-Dir - straight line, f - hobgoblin
Aim: a hobgoblin (asleep, 100% to hit)
The searing ray hits the hobgoblin!
You kill the hobgoblin! (Press . to maintain the ray.) Unknown command.
An adder comes into view.
The adder hisses angrily.
Casting: Searing Ray (safe; 4% risk of failure)
Confirm with . or Enter, or press ? or * to list all spells.
Aiming: Searing Ray (safe; 4% risk of failure)
Press: ? - help, Shift-Dir - straight line, f - adder
Aim: an adder (63% to hit)
The searing ray hits the adder!
You kill the adder! (Press . to maintain the ray.)
You have reached level 4!
You feel agile.
An endoplasm comes into view.
Casting: Searing Ray (safe; 3% risk of failure)
Confirm with . or Enter, or press ? or * to list all spells.
Aiming: Searing Ray (safe; 3% risk of failure)
Press: ? - help, Shift-Dir - straight line, f - endoplasm
Aim: an endoplasm (98% to hit)
The searing ray hits the endoplasm.
The endoplasm is moderately wounded. (Press . to maintain the ray.) Unknown command.
An endoplasm is nearby!
The searing ray hits the endoplasm!
You kill the endoplasm!
You see here an adder corpse.
You now have 124 gold pieces (gained 12).
l - a scroll labelled LAYVYT ECZOHEA A ball python comes into view.
Found a stone staircase leading up.
Casting: Searing Ray (safe; 3% risk of failure)
Confirm with . or Enter, or press ? or * to list all spells.
Aiming: Searing Ray (safe; 3% risk of failure)
Press: ? - help, Shift-Dir - straight line, f - ball python
Aim: a ball python (75% to hit)
The searing ray hits the ball python!
You kill the ball python! (Press . to maintain the ray.) Unknown command.
Found 8 stones.
Found a stone staircase leading up.
You see here a +1 ring mail of fire resistance.
m - a +1 ring mail of fire resistance You drop a +1 ring mail of fire resistance.
A giant cockroach comes into view.
Found a stone staircase leading down.
Found a murky puce potion.
Casting: Searing Ray (safe; 3% risk of failure)
Confirm with . or Enter, or press ? or * to list all spells.
Aiming: Searing Ray (safe; 3% risk of failure)
Press: ? - help, Shift-Dir - straight line, f - giant cockroach
Aim: a giant cockroach (78% to hit)
The searing ray hits the giant cockroach.
You kill the giant cockroach! (Press . to maintain the ray.) Unknown command.
A hobgoblin comes into view.
The hobgoblin shouts!
Casting: Searing Ray (safe; 3% risk of failure)
Confirm with . or Enter, or press ? or * to list all spells.
Aiming: Searing Ray (safe; 3% risk of failure)
Press: ? - help, Shift-Dir - straight line, f - hobgoblin
Aim: a hobgoblin (78% to hit)
You miscast Searing Ray.
You are very lightly contaminated with residual magic.
Nothing appears to happen.
Unknown command.
Casting: Searing Ray (safe; 3% risk of failure)
Confirm with . or Enter, or press ? or * to list all spells.
Aiming: Searing Ray (safe; 3% risk of failure)
Press: ? - help, Shift-Dir - straight line, f/p - hobgoblin
Aim: a hobgoblin (78% to hit)
The searing ray hits the hobgoblin!
You kill the hobgoblin! (Press . to maintain the ray.) Unknown command.
Your magical contamination has completely faded away.
m - a murky puce potion
Found a scale mail.
A bat comes into view.
A bat is nearby!
Casting: Searing Ray (safe; 3% risk of failure)
Confirm with . or Enter, or press ? or * to list all spells.
Aiming: Searing Ray (safe; 3% risk of failure)
Press: ? - help, Shift-Dir - straight line, f - bat
Aim: a bat (asleep, 100% to hit)
The searing ray hits the bat!
You kill the bat! (Press . to maintain the ray.) Unknown command.
Found 4 stones.
n - a scroll labelled EZOXZOITHO
Found a buckler.
A worm comes into view.
Search for what [Enter for "d:", or ? for help]? buck
Found 6 poisoned darts.
There are no items here.
You see here a +0 buckler.
o - a +0 buckler
Casting: Searing Ray (safe; 3% risk of failure)
Confirm with . or Enter, or press ? or * to list all spells.
Aiming: Searing Ray (safe; 3% risk of failure)
Press: ? - help, Shift-Dir - straight line, f - worm
Aim: a worm (92% to hit)
The searing ray hits the worm.
The worm is moderately wounded. (Press . to maintain the ray.) Unknown command.
The searing ray hits the worm.
The worm is heavily wounded.
The searing ray hits the worm.
The worm is severely wounded.
The searing ray hits the worm.
The worm is almost dead.
You finish channelling your searing ray.
Casting: Searing Ray (safe; 3% risk of failure)
Confirm with . or Enter, or press ? or * to list all spells.
Aiming: Searing Ray (safe; 3% risk of failure)
Press: ? - help, Shift-Dir - straight line, f/p - worm
Aim: a worm (almost dead, 92% to hit)
The searing ray hits the worm.
You kill the worm! (Press . to maintain the ray.) Unknown command.
You see here 6 poisoned darts.
You see here 6 poisoned darts.
You see here a worm corpse.
You now have 129 gold pieces (gained 5).
An endoplasm comes into view.
Search for what [Enter for "buck", or ? for help]? dart An endoplasm is nearby!
(D) Dungeon
Where to? (Enter - D:2 @ (x,y), ? - help)
You see here a worm corpse.
You see here 6 poisoned darts.
p - 6 poisoned darts You see here a worm corpse.
Found 3 stones.
You see here 3 stones.
A dart slug comes into view.
Casting: Searing Ray (safe; 3% risk of failure)
Confirm with . or Enter, or press ? or * to list all spells.
Aiming: Searing Ray (safe; 3% risk of failure)
Press: ? - help, Shift-Dir - straight line, f - dart slug
Aim: a dart slug (asleep, 100% to hit)
The searing ray hits the dart slug.
The dart slug is severely wounded. (Press . to maintain the ray.) Unknown command.
The searing ray hits the dart slug!
You kill the dart slug!
You see here a +1 ring mail of fire resistance.
You see here a +1 ring mail of fire resistance.
An endoplasm and a rat come into view.
Unknown command.
Casting: Searing Ray (safe; 3% risk of failure)
Confirm with . or Enter, or press ? or * to list all spells.
Aiming: Searing Ray (safe; 3% risk of failure)
Press: ? - help, Shift-Dir - straight line, f - rat
Aim: a rat (78% to hit)
The searing ray hits the rat!
You kill the rat! (Press . to maintain the ray.) Unknown command.
Casting: Searing Ray (safe; 3% risk of failure)
Confirm with . or Enter, or press ? or * to list all spells.
You can't see any susceptible monsters within range! (Use Z to cast anyway.) Unknown command.
Things that are here:
15 gold pieces; a +0 spear
Casting: Searing Ray (safe; 3% risk of failure)
Confirm with . or Enter, or press ? or * to list all spells.
Aiming: Searing Ray (safe; 3% risk of failure)
Press: ? - help, Shift-Dir - straight line, f - endoplasm
Aim: an endoplasm (asleep, 100% to hit)
The searing ray hits the endoplasm.
The endoplasm is moderately wounded.
The endoplasm quivers. (Press . to maintain the ray.)
The searing ray hits the endoplasm!
You kill the endoplasm!
You now have 144 gold pieces (gained 15).
You see here a +0 spear.
You see here a rat corpse.
Found a stone staircase leading down.
You now have 159 gold pieces (gained 15).
Done exploring.
Done exploring.
Search for what [Enter for "dart", or ? for help]? d: Unknown command.
Unknown command.
There is a stone staircase leading down here.
You fly downwards.
You hear the sound of rushing water.
There is an entrance to a sewer on this level.
Hurry and find it before the portal rusts away!
The gnoll shouts! x3
Found a glowing hand axe.
There is a stone staircase leading up here.
The gnoll attacks as you move away! The gnoll closely misses you.
Casting: Searing Ray (safe; 3% risk of failure)
Confirm with . or Enter, or press ? or * to list all spells.
Aiming: Searing Ray (safe; 3% risk of failure)
Press: ? - help, Shift-Dir - straight line, f - gnoll
Aim: a gnoll, wielding a +3 flail (81% to hit)
The searing ray hits the gnoll.
The gnoll is moderately wounded.
The searing ray hits the gnoll.
The gnoll is heavily wounded. (Press . to maintain the ray.)
The gnoll hits you with a +3 flail!
The searing ray hits the gnoll.
The gnoll is heavily wounded.
The searing ray misses the gnoll.
The gnoll hits you with a +3 flail!
* * * LOW HITPOINT WARNING * * *
The searing ray hits the gnoll.
The gnoll is almost dead.
The searing ray hits the gnoll!
You kill the gnoll!
The searing ray hits the gnoll.
The gnoll is moderately wounded.
* * * LOW HITPOINT WARNING * * *
The gnoll barely misses you.
The searing ray hits the gnoll.
You kill the gnoll!
The searing ray hits the gnoll.
The gnoll is severely wounded.
* * * LOW HITPOINT WARNING * * *
You finish channelling your searing ray.
The gnoll throws a throwing net.
The throwing net misses you.
Your Spellcasting skill increases to level 4!
Casting: Searing Ray (safe; 3% risk of failure)
Confirm with . or Enter, or press ? or * to list all spells.
Aiming: Searing Ray (safe; 3% risk of failure)
Press: ? - help, Shift-Dir - straight line, f - gnoll
Aim: a gnoll, wielding a +0 whip (severely wounded, 81% to hit)
The searing ray hits the gnoll!
You kill the gnoll! (Press . to maintain the ray.)
* * * LOW HITPOINT WARNING * * *
You have reached level 5!
The power to cast Static Discharge wells up from within.
Spell assigned to 'g'.
You see here a +3 flail.
q - a throwing net You see here a +3 flail.
There is a stone staircase leading up here.
You see here a +0 whip.
Things that are here:
a +0 whip; a gnoll corpse
There is a stone staircase leading up here.
You see here a +0 whip.
Found 9 gold pieces and a plate armour.
You see here a +1 hand axe of pain.
Found a scroll labelled SEPPA JIURASIY.
r - a scroll labelled SEPPA JIURASIY You hear the slow rusting of a very distant drain.
Found 2 sedimented cyan potions.
s - 2 sedimented cyan potions
Found a falchion.
Unknown command.
Found a stone staircase leading up.
A bat comes into view.
You see here a +0 falchion.
Aiming: Magic Dart (safe; 2% risk of failure)
Press: ? - help, Q - select action, (/) - cycle Shift-Dir - straight line, f - bat
Aim: a bat (asleep, 100% to hit)
The magic dart hits the bat.
The bat is moderately wounded.
Unknown command.
Aiming: Magic Dart (safe; 2% risk of failure)
Press: ? - help, Q - select action, (/) - cycle Shift-Dir - straight line, f/p - bat
Aim: a bat (100% to hit)
The magic dart hits the bat.
You kill the bat!
Unknown command.
Found a hazy altar of Hepliaklqana.
An adder comes into view.
Found a ring mail.
The adder hisses angrily.
Casting: Magic Dart (safe; 2% risk of failure)
Confirm with . or Enter, or press ? or * to list all spells.
Aiming: Searing Ray (safe; 3% risk of failure)
Press: ? - help, Shift-Dir - straight line, f - adder
Aim: an adder (63% to hit)
The searing ray hits the adder!
The adder is severely wounded. (Press . to maintain the ray.) Unknown command.
The searing ray misses the adder.
The adder bites you.
The searing ray hits the adder!
You kill the adder!
You hear the slow rusting of a very distant drain.
Found 12 gold pieces.
Found two stone staircases leading down.
Found a sling.
Found a sapphire potion.
Found a pair of gloves.
Found 10 gold pieces.
You see here a +0 pair of gloves.
t - a +0 pair of gloves You reach down and open the door.
Found a smoky golden potion.
There is an open door here.
k - 2 smoky golden potions (gained 1)
There is an open door here.
u - a sapphire potion You hear the rusting of a very distant drain.
There is an open door here.
Found a dagger.
You see here a +0 dagger.
A giant cockroach and a rat come into view.
Aiming: Magic Dart (safe; 2% risk of failure)
Press: ? - help, Q - select action, (/) - cycle Shift-Dir - straight line, f - rat
Aim: a rat (100% to hit)
The magic dart hits the rat.
You kill the rat!
Unknown command.
Aiming: Magic Dart (safe; 2% risk of failure)
Press: ? - help, Q - select action, (/) - cycle Shift-Dir - straight line, f - giant cockroach
Aim: a giant cockroach (100% to hit)
The magic dart hits the giant cockroach.
The giant cockroach is heavily wounded.
Unknown command.
Aiming: Magic Dart (safe; 2% risk of failure)
Press: ? - help, Q - select action, (/) - cycle Shift-Dir - straight line, f/p - giant cockroach
Aim: a giant cockroach (heavily wounded, 100% to hit)
The magic dart hits the giant cockroach.
You kill the giant cockroach!
Unknown command.
A giant cockroach comes into view.
Found a glowing orb.
You hear the rusting of a drain very nearby.
A rat and a river rat come into view.
Casting: Magic Dart (safe; 2% risk of failure)
Confirm with . or Enter, or press ? or * to list all spells.
Aiming: Searing Ray (safe; 3% risk of failure)
Press: ? - help, Shift-Dir - straight line, f - river rat
Aim: a river rat (asleep, 100% to hit)
The searing ray hits the river rat.
The river rat is lightly wounded. (Press . to maintain the ray.) Unknown command.
The searing ray hits the river rat.
The river rat is moderately wounded.
The searing ray hits the giant cockroach.
The giant cockroach is almost dead.
The searing ray hits the river rat.
The river rat is severely wounded.
The searing ray hits the river rat but does no damage.
The river rat is severely wounded.
You finish channelling your searing ray.
The river rat bites you.
Casting: Searing Ray (safe; 3% risk of failure)
Confirm with . or Enter, or press ? or * to list all spells.
Aiming: Searing Ray (safe; 3% risk of failure)
Press: ? - help, Shift-Dir - straight line, f - rat, p - river rat
Aim: a rat (78% to hit)
The searing ray hits the river rat but does no damage.
The river rat is severely wounded.
The searing ray hits the rat.
You kill the rat! (Press . to maintain the ray.)
The river rat bites you.
The searing ray hits the river rat.
You kill the river rat!
The giant cockroach bites you but does no damage. x2
Your Fighting skill increases to level 2!
Unknown command.
You hit the giant cockroach but do no damage.
The giant cockroach is almost dead.
The giant cockroach barely misses you.
You hit the giant cockroach.
You kill the giant cockroach!
A rat comes into view.
You see here a giant cockroach corpse.
Casting: Searing Ray (safe; 3% risk of failure)
Confirm with . or Enter, or press ? or * to list all spells.
Aiming: Searing Ray (safe; 3% risk of failure)
Press: ? - help, Shift-Dir - straight line, f - rat
Aim: a rat (78% to hit)
The searing ray hits the rat.
You kill the rat! (Press . to maintain the ray.) Unknown command.
You see here an orb of energy.
You see here a rat corpse.
You reach down and open the large door.
A river rat and a rat come into view.
Found a glowing drain.
There is a large open door here.
Casting: Searing Ray (safe; 3% risk of failure)
Confirm with . or Enter, or press ? or * to list all spells.
Aiming: Searing Ray (safe; 3% risk of failure)
Press: ? - help, Shift-Dir - straight line
Okay, then.
Unknown command.
Unknown command.
Casting: Searing Ray (safe; 3% risk of failure)
Confirm with . or Enter, or press ? or * to list all spells.
Aiming: Searing Ray (safe; 3% risk of failure)
Press: ? - help, Shift-Dir - straight line, f - river rat
Aim: a river rat (75% to hit)
The searing ray hits the river rat!
The river rat is severely wounded. (Press . to maintain the ray.)
The river rat bites you!
* * * LOW HITPOINT WARNING * * *
The rat bites you.
* * * LOW HITPOINT WARNING * * *
The searing ray hits the river rat.
The river rat is almost dead.
* * * LOW HITPOINT WARNING * * *
The river rat bites you but does no damage.
The rat misses you.
The searing ray hits the river rat.
You kill the river rat!
* * * LOW HITPOINT WARNING * * *
The rat splashes around in the water.
Casting: Searing Ray (safe; 3% risk of failure)
Confirm with . or Enter, or press ? or * to list all spells.
Restarting spell: Searing Ray (safe; 3% risk of failure)
Press: ? - help, Shift-Dir - straight line The searing ray hits the rat.
You kill the rat! (Press . to maintain the ray.)
* * * LOW HITPOINT WARNING * * *
Unknown command.
There is a glowing drain here.
You start resting.
You hear the brisk rusting of a drain.
The world spins around you as you enter the gateway.
You enter a sewer!
Found a gate leading back out of this place.
There is an empty arch of ancient stone here.
There is a gate leading back out of this place here.
Casting: Searing Ray (safe; 3% risk of failure)
Confirm with . or Enter, or press ? or * to list all spells.
Aiming: Searing Ray (safe; 3% risk of failure)
Press: ? - help, Shift-Dir - straight line The searing ray hits the bat.
You kill the bat! (Press . to maintain the ray.)
The bat hits you but does no damage.
Unknown command.
Casting: Searing Ray (safe; 3% risk of failure)
Confirm with . or Enter, or press ? or * to list all spells.
Restarting spell: Searing Ray (safe; 3% risk of failure)
Press: ? - help, Shift-Dir - straight line, f - bat
Aim: a bat (66% to hit)
The searing ray hits the bat!
You kill the bat! (Press . to maintain the ray.)
* * * LOW HITPOINT WARNING * * *
Casting: Searing Ray (safe; 3% risk of failure)
Confirm with . or Enter, or press ? or * to list all spells.
Restarting spell: Searing Ray (safe; 3% risk of failure)
Press: ? - help, Shift-Dir - straight line, f - bat
Aim: a bat (66% to hit)
The searing ray hits the bat!
You kill the bat! (Press . to maintain the ray.)
* * * LOW HITPOINT WARNING * * *
Casting: Searing Ray (safe; 3% risk of failure)
Confirm with . or Enter, or press ? or * to list all spells.
Restarting spell: Searing Ray (safe; 3% risk of failure)
Press: ? - help, Shift-Dir - straight line, f - bat
Aim: a bat (water, 66% to hit)
The searing ray hits the bat.
You kill the bat! (Press . to maintain the ray.)
* * * LOW HITPOINT WARNING * * *
You start resting.
HP restored.
Found a gate leading back out of this place.
Pargi the Meek comes into view.
Unknown command.
Throw: 6 darts (poison)
Press: ? - help, Q - select action, (/) - cycle Shift-Dir - straight line, f - Pargi
Aim: Pargi (50% to hit)
You throw a poisoned dart. The poisoned dart hits Pargi.
Pargi is poisoned.
Casting: Searing Ray (safe; 3% risk of failure)
Confirm with . or Enter, or press ? or * to list all spells.
You can't see any susceptible monsters within range! (Use Z to cast anyway.) Throw: 5 darts (poison)
Press: ? - help, Q - select action, (/) - cycle Shift-Dir - straight line, f/p - Pargi
Aim: Pargi (poisoned, 50% to hit)
You throw a poisoned dart. The poisoned dart closely misses Pargi.
Unknown command.
Casting: Searing Ray (safe; 3% risk of failure)
Confirm with . or Enter, or press ? or * to list all spells.
Aiming: Searing Ray (safe; 3% risk of failure)
Press: ? - help, Shift-Dir - straight line, f/p - Pargi
Aim: Pargi (lightly wounded, poisoned, 72% to hit)
The searing ray misses Pargi. (Press . to maintain the ray.)
The searing ray hits Pargi!
Pargi is moderately wounded.
The searing ray misses Pargi.
The searing ray hits Pargi.
Pargi is heavily wounded.
You finish channelling your searing ray.
Pargi bites you. Pargi misses you. Pargi barely misses you.
Casting: Searing Ray (safe; 3% risk of failure)
Confirm with . or Enter, or press ? or * to list all spells.
Aiming: Slow (safe; 1% risk of failure)
Press: ? - help, Shift-Dir - straight line, f/p - Pargi
Aim: Pargi (heavily wounded, poisoned, chance to affect: 63%) Pargi resists with significant effort.
Pargi bites you. Pargi barely misses you. Pargi claws you.
Unknown command.
Casting: Slow (safe; 1% risk of failure)
Confirm with . or Enter, or press ? or * to list all spells.
Aiming: Slow (safe; 1% risk of failure)
Press: ? - help, Shift-Dir - straight line, f/p - Pargi
Aim: Pargi (moderately wounded, poisoned, chance to affect: 63%) Pargi resists with significant effort.
Pargi looks more healthy.
Pargi bites you. Pargi claws you but does no damage. Pargi claws you.
Unknown command.
Casting: Slow (safe; 1% risk of failure)
Confirm with . or Enter, or press ? or * to list all spells.
Aiming: Slow (safe; 1% risk of failure)
Press: ? - help, Shift-Dir - straight line, f/p - Pargi
Aim: Pargi (moderately wounded, chance to affect: 63%) Pargi resists with significant effort.
Pargi bites you!
* * * LOW HITPOINT WARNING * * *
Pargi claws you.
* * * LOW HITPOINT WARNING * * *
Pargi claws you.
* * * LOW HITPOINT WARNING * * *
Okay, then.
Throw: throwing net
Press: ? - help, Q - select action, (/) - cycle Shift-Dir - straight line, f/p - Pargi
Aim: Pargi (moderately wounded, 50% to hit)
You throw a throwing net. The throwing net closely misses Pargi.
Pargi bites you.
* * * LOW HITPOINT WARNING * * *
Pargi claws you.
* * * LOW HITPOINT WARNING * * *
Pargi claws you.
You die...

Skill      XL: |  1  2  3  4  5 |
---------------+----------------+-----
Fighting       | 1 2 |  2.1
Stealth        | 2 |  2.6
Spellcasting   | 4 |  4.2
Dodging        | |  2.1

Action                     |  1- 3 |  4- 6 || total
---------------------------+-------+-------++-------
  Melee: Dagger            |    10 |     2 ||    12
  Throw: Dart              |       |     2 ||     2
         Throwing net      |       |     1 ||     1
   Cast: Magic Dart        |    30 |     5 ||    35
         Searing Ray       |     8 |    23 ||    31
         Slow              |       |     3 ||     3
 Armour: Robe              |     2 |     5 ||     7
  Dodge: Dodged            |     9 |     8 ||    17

Levels and vault maps discovered:
D:1:      sevenhm_arrival_forest_fort_large_2, layout_loops_ring,
          minmay_misc_feat_square, kennysheep_minor_cross,
          minmay_split_cup_small
D:2:      layout_loops_ring, minmay_misc_feat_roman
D:3:      layout_basic, mainiacjoe_overflow_brackets, portal_sewer_entry_e
Sewer:    sewer_big_baddie

Notes
Turn   | Place    | Note
-------+----------+-------------------------------------------
     0 | D:1      | scionoferis the Djinni Conjurer began the quest for the
                  | Orb.
     0 | D:1      | scionoferis set off with the following spells memorised:
                  | Magic Dart, Searing Ray, Dazzling Flash, Fulminant Prism,
                  | Iskenderun's Mystic Blast.
     0 | D:1      | Reached XP level 1. HP: 15/15 MP: 0/0
   134 | D:1      | Reached XP level 2. HP: 19/22 MP: 0/0
   476 | D:1      | Reached skill level 1 in Fighting
   476 | D:1      | Reached XP level 3. HP: 24/27 MP: 0/0
   476 | D:1      | Learned a level 1 spell: Slow
   492 | D:1      | Reached skill level 2 in Stealth
   985 | D:2      | Reached XP level 4. HP: 30/32 MP: 0/0
  1592 | D:3      | Reached skill level 4 in Spellcasting
  1593 | D:3      | Reached XP level 5. HP: 5/38 MP: 0/0
  1593 | D:3      | Learned a level 2 spell: Static Discharge
  1673 | D:3      | Found a hazy altar of Hepliaklqana.
  1797 | D:3      | Reached skill level 2 in Fighting
  1811 | D:3      | Found a glowing drain.
  1848 | Sewer    | Entered a sewer
  1990 | Sewer    | Noticed Pargi
  2000 | Sewer    | HP: 2/38 [Pargi (3)]
  2000 | Sewer    | Slain by Pargi

Vanquished Creatures
  3 gnolls (D:3)
  3 adders (D:2 D:3)
  2 river rats (D:3)
  A worm (D:2)
  A dart slug (D:2)
  3 ball pythons (D:1 D:2)
  4 endoplasms (D:1 D:2)
  6 giant cockroaches (D:1 D:2 D:3)
  5 goblins (D:1 D:2)
  6 hobgoblins (D:1 D:2)
  3 jackals (D:1)
  2 kobolds (D:1)
  A quokka (D:1)
  8 bats (D:1 D:2 D:3 Sewer)
  2 frilled lizards (D:1 D:2)
  7 rats (D:1 D:2 D:3)
57 creatures vanquished.

Table legend: (Time is in decaauts)
 A = Elapsed time spent in this place.
 B = Non-inter-level travel time spent in this place.
 C = Inter-level travel time spent in this place.
 D = Time resting spent in this place.
 E = Time spent auto-exploring this place.
 F = Levels seen in this place.
 G = Mean time per level.
                   A        B        C        D        E       F      G
               +--------+--------+--------+--------+--------+-----+--------+
         Total |   1998 |   1897 |    101 |    145 |   1302 |   4 |  499.5 |
       Dungeon |   1846 |   1745 |    101 |     27 |   1285 |   3 |  615.3 |
         Sewer |    151 |    151 |      0 |    118 |     17 |   1 |  151.0 |
               +--------+--------+--------+--------+--------+-----+--------+

Top non-repeatable levels by time:
     D:1: 878 daAuts
     D:2: 705 daAuts
     D:3: 262 daAuts
   Sewer: 151 daAuts

Table legend:
 A = Non-vault XP
 B = Vault XP
 C = Vault XP percentage of total XP
 D = Non-vault monster count
 E = Vault monster count
 F = Vault count percentage of total count
                 A         B        C        D         E       F
            +---------+---------+-------+---------+---------+-------
      Total |     148 |      45 |  23.3 |      42 |      15 |  26.3
            +---------+---------+-------+---------+---------+-------
        D:1 |      39 |       5 |  11.4 |      23 |       3 |  11.5
        D:2 |      52 |       0 |   0.0 |      14 |       0 |   0.0
        D:3 |      57 |      34 |  37.4 |       5 |       8 |  61.5
      Sewer |       0 |       6 | 100.0 |       0 |       4 | 100.0
            +---------+---------+-------+---------+---------+-------
